 Dungeon Crawl Stone Soup version 0.28.0 (webtiles) character file.

Game seed: 14043506849902085366

82 Angani the Sneak (level 4, 0/40 HPs)
             Began as a Draconian Delver on Feb 13, 2022.
             Was a Follower of Cheibriados.
             Slain by a river rat (2 damage)
             ... in a sewer.
             The game lasted 00:03:27 (1140 turns).

Angani the Sneak (Draconian Delver)                 Turns: 1140, Time: 00:03:28

Health: 0/40       AC:  5    Str: 13 (16) XL:     4   Next: 21%
Magic:  4/6        EV: 12    Int: 13 (14) God:    Cheibriados [*.....]
Gold:   28         SH:  0    Dex: 14 (15) Spells: 6/6 levels left

rFire   . . .      SeeInvis .   a - +0 spear
rCold   . . .      Faith    .   (no shield)
rNeg    . . .      Spirit   .   (armour unavailable)
rPois   .          Reflect  .   (helmet restricted)
rElec   .          Harm     .   (no cloak)
rCorr   .          Rampage  .   (no gloves)
Will    .....                   (no boots)
Stlth   +++.......              (no amulet)
HPRegen 0.13/turn               (no ring)
MPRegen 0.10/turn               (no ring)

@: very slow
A: AC +5, unfitting armour, cold-blooded
a: Renounce Religion, Bend Time


You were in a sewer.
You worshipped Cheibriados.
Cheibriados was aware of your devotion.
You visited 1 branch of the dungeon, and saw 3 of its levels.
You also visited: Sewer.

You collected 28 gold pieces.

Inventory:

Hand Weapons
 a - a +0 spear (weapon)
Wands
 f - a wand of digging (3)
Scrolls
 b - a scroll of fog
 c - a scroll of magic mapping
 e - a scroll of identify {unknown}
 g - a scroll of vulnerability {unknown}
Potions
 d - a potion of degeneration


   Skills:
 + Level 4.0 Fighting
 + Level 2.9 Polearms
 - Level 1.7 Dodging
 - Level 4.5 Stealth
 + Level 1.6 Spellcasting
 + Level 1.4 Invocations


You had 6 spell levels left.
You didn't know any spells.
Your spell library was empty.

Dungeon Overview and Level Annotations

Branches:
Dungeon (5/15)              Sewer (1/1)
 Temple: D:4-7

Altars:
Cheibriados
The Shining One

Annotations:
D:3 1 runed translucent door, Crazy Yiuf


Innate Abilities, Weirdness & Mutations

Your plain brown scales are hard. (AC +5)
You cannot fit into any form of body armour.
You are cold-blooded and may be slowed by cold attacks.


Message History

The river rat bites you!
You see here a river rat corpse.
The flow of time bends around you.
Cheibriados rebukes the river rat.
The river rat seems to slow down.
Cheibriados rebukes the river rat.
The river rat seems to slow down.
The river rat closely misses you.
Unknown command.
You hit the river rat.
The river rat is moderately wounded.
The river rat closely misses you.
You hit the river rat.
The river rat is heavily wounded.
The river rat barely misses you. The river rat bites you!
You completely miss the river rat.
The river rat is heavily wounded.
The river rat bites you.
You hit the river rat but do no damage.
The river rat is heavily wounded.
The river rat misses you.
You hit the river rat but do no damage.
The river rat is heavily wounded.
The river rat barely misses you. The river rat bites you!
You barely miss the river rat.
Your tail-slap misses the river rat.
The river rat is heavily wounded.
The river rat bites you!
* * * LOW HITPOINT WARNING * * *
It was a potion of degeneration.
There was something very wrong with that liquid.
You feel weakened.
You feel dopey.
You feel clumsy. The river rat bites you.
* * * LOW HITPOINT WARNING * * *
You hit the river rat.
The river rat is severely wounded.
The river rat barely misses you. The river rat bites you.
* * * LOW HITPOINT WARNING * * *
You hit the river rat but do no damage. You tail-slap the river rat.
You kill the river rat!
The river rat bites you.
You die...

#≈≈≈≈≈≈#
#≈≈≈≈
#≈≈≈≈≈≈#
#≈≈≈≈
#≈≈≈≈≈≈#
#≈≈≈≈
#≈≈≈≈≈≈#
#≈≈≈≈
#≈≈≈≈≈≈#
#≈≈≈≈
#≈≈#≈≈≈#
#≈≈≈#
#≈†≈≈≈≈#
#≈≈≈≈
#†r≈≈≈≈#
#≈≈≈≈
#@≈≈≈≈≈#
#≈≈#†
#≈≈≈≈≈≈#
#≈.†#
#≈≈≈≈≈≈#
#≈≈≈≈
#≈≈#≈≈≈#
#≈≈≈≈
#≈#≈≈≈≈#
#≈≈≈≈
#≈≈≈≈≈≈#
#≈≈≈≈
#≈≈≈≈≈≈#
#≈≈≈≈
##.≈.≈.#
#.≈..
#......##
##....


You could see a river rat (slow).

Vanquished Creatures
  Natasha (D:3)
  A howler monkey skeleton (D:5)
  An adder (D:3)
  3 river rats (Sewer)
  2 orcs
  4 jackals (D:3)
  A ball python (Sewer)
  A kobold (D:4)
  13 rats
27 creatures vanquished.

Notes
Turn   | Place    | Note
-------+----------+-------------------------------------------
     0 | D:5      | Angani the Draconian Delver began the quest for the Orb.
     0 | D:5      | Reached XP level 1. HP: 19/19 MP: 1/1
    12 | D:5      | Noticed a scorpion
    17 | D:5      | Noticed a centaur
    18 | D:5      | Reached XP level 2. HP: 11/26 MP: 1/3
   251 | D:4      | Found a glowing golden altar of the Shining One.
   261 | D:3      | Found a snail-covered altar of Cheibriados.
   269 | D:3      | Became a worshipper of Cheibriados the Contemplative
   296 | D:3      | Found a runed translucent door.
   297 | D:3      | Noticed Crazy Yiuf
   318 | D:3      | Reached skill level 1 in Spellcasting
   336 | D:3      | Noticed Natasha
   347 | D:3      | Killed Natasha
   348 | D:3      | Reached skill level 1 in Invocations
   348 | D:3      | Reached XP level 3. HP: 4/33 MP: 3/5
   755 | D:3      | Found a glowing drain.
   765 | Sewer    | Entered a sewer
   997 | Sewer    | Reached XP level 4. HP: 40/40 MP: 6/6
  1002 | Sewer    | Reached * piety under Cheibriados
  1139 | Sewer    | HP: 2/40 [river rat (6)]
  1140 | Sewer    | Slain by a river rat

Illustrated notes

Levels and vault maps discovered:
D:3:      layout_basic, mainiacjoe_overflow_catch_the_wave,
          cheibrodos_sewer_entry_drain, uniq_natasha, uniq_crazy_yiuf_cottage
D:4:      layout_basic, mainiacjoe_overflow_24_doors, tso_oasis_becter,
          nicolae_ru_sacrificial_ziggurat
D:5:      layout_rooms, nicolae_vehumet_altar_sigil, uniq_menkaure,
          uniq_blork_the_orc, uniq_edmund
Sewer:    sewer_minmay_w

Skill      XL: |  1  2  3 |
---------------+----------+-----
Spellcasting   | 1 |  1.6
Invocations    | 1 |  1.4
Fighting       | 4 |  4.0
Polearms       | |  2.9
Dodging        | |  1.7
Stealth        | |  4.5

Action                   |  1- 3 |  4- 6 || total
-------------------------+-------+-------++-------
Melee: Spear             |    68 |    33 ||   101
       Tailslap          |     9 |     4 ||    13
Invok: Bend Time         |       |     1 ||     1
  Use: Scroll            |     1 |       ||     1
       Potion            |       |     1 ||     1
 Stab: Sleeping          |     1 |       ||     1
Armor: Skin              |    19 |     5 ||    24
Dodge: Dodged            |    63 |    18 ||    81
